 Dungeon Crawl Stone Soup version 0.27.1-2-g3b301248ec (webtiles) character file.

Game seed: 16123556712451299797

5809 Borgoz the Fighter (level 10, -5/99 HPs)
             Began as a Gargoyle Berserker on Sept 23, 2021.
             Was a High Priest of Trog.
             Slain by an ogre (15 damage)
             ... on level 6 of the Dungeon.
             The game lasted 00:15:56 (10976 turns).

Borgoz the Fighter (Gargoyle Berserker)            Turns: 10976, Time: 00:15:57

Health: -5/99      AC: 19    Str: 25    XL:     10   Next: 79%
Magic:  10/10      EV: 13    Int:  7    God:    Trog [*****.]
Gold:   404        SH:  0    Dex:  9    Spells: 9/9 levels left

rFire    . . .     SeeInvis .   D - +2 dire flail
rCold    . . .     Faith    +   (shield currently unavailable)
rNeg     + . .     Spirit   .   A - +0 acid dragon scales
rPois    ∞         Reflect  .   (no helmet)
rElec    +         Harm     .   v - +0 cloak
rCorr    +         Rampage  .   g - +1 pair of gloves
Will     .....                  (no boots)
Stlth    ..........             k - amulet of faith
HPRegen  0.26/turn              (no ring)
MPRegen  0.12/turn              (no ring)

@: berserking, very quick
A: sickness immunity, AC +7, negative energy resistance 1, electricity
resistance, torment resistance 1, petrification resistance
a: Renounce Religion, Berserk, Trog's Hand, Brothers in Arms


You were on level 6 of the Dungeon.
You worshipped Trog.
Trog was extremely pleased with you.
You visited 1 branch of the dungeon, and saw 9 of its levels.
You also visited: Sewer.

You collected 497 gold pieces.
You spent 93 gold pieces at shops.

Inventory:

Hand Weapons
 b - the +11 short sword of Huomn {flame, +Blink +Rage rC+}
   (You found it on level 5 of the Dungeon)

   It burns those it strikes, dealing additional fire damage.
   rC:        It protects you from cold.
   +Blink:    It lets you blink.
   +Rage:     It lets you go berserk.
 z - the +3 broad axe of Durable Tenacity {antimagic, rN+ Will+ Dex-4 Stlth+}
   (You found it on level 8 of the Dungeon)

   It reduces the magical energy of the wielder, and disrupts the spells and
   magical abilities of those it strikes.
   Natural abilities and divine invocations are not affected.
   Dex:       It affects your dexterity (-4).
   rN:        It protects you from negative energy.
   Will:      It increases your willpower.
   Stlth:     It makes you more stealthy.
 D - a +2 dire flail (weapon)
Armour
 g - a +1 pair of gloves (worn)
 n - a +2 ring mail of positive energy
 v - a +0 cloak (worn)
 A - +0 acid dragon scales (worn)
Jewellery
 k - an amulet of faith (around neck)
Wands
 f - a wand of paralysis (5)
 o - a wand of flame (17)
 s - a wand of acid (11)
 x - a wand of iceblast (16)
Scrolls
 c - 2 scrolls of amnesia {unknown}
 e - 5 scrolls of enchant weapon {unknown}
 h - 3 scrolls of fog
 j - 6 scrolls of teleportation
 p - a scroll of acquirement {unknown}
 q - a scroll of blinking
 w - a scroll of noise {unknown}
 y - a scroll of torment {unknown}
Potions
 a - 2 potions of curing
 d - 3 potions of flight
 i - 3 potions of ambrosia {unknown}
 l - 2 potions of attraction
 m - 3 potions of heal wounds
 r - a potion of magic
 t - a potion of resistance
 u - a potion of berserk rage
 B - a potion of invisibility {unknown}


   Skills:
 + Level 9.1 Fighting
 * Level 8.7 Maces & Flails
 + Level 8.8 Armour
 * Level 7.0 Dodging


You had 9 spell levels left.
You didn't know any spells.
Your spell library was empty.

Dungeon Overview and Level Annotations

Branches:
Dungeon (9/15)             Temple (0/1) D:4             Orc (0/2) D:9
  Sewer (visited)
   Lair: D:8-11

Altars:
Ashenzari
Cheibriados
Elyvilon
Fedhas
Okawaru
Sif Muna
Uskayaw
Vehumet
Yredelemnul
The Shining One

Shops:
D:4 ?   D:5 *([*   D:8 ?

Annotations:
D:6 1 transporter, MajorAdolf's ghost, novice NaWn
D:9 3 runed translucent doors, Domino's ghost, novice MiBe


Innate Abilities, Weirdness & Mutations

You are immune to sickness and miasma.
Your stone body is resilient. (AC +7)
You are immune to poison.
You resist negative energy. (rN+)
You are resistant to electric shocks. (rElec)
You are resistant to unholy torment.
You are immune to petrification.


Message History

The ogre barely misses you. The ogre closely misses you.
You hit the ogre.
The ogre is heavily wounded.
MajorAdolf's ghost says very slowly, "There's no hope."
The ogre misses you. x2; The ogre barely misses you.
You hit the ogre.
The ogre is heavily wounded.
The ogre barely misses you.
You puncture the ogre!
The ogre is almost dead.
The ogre closely misses you. The ogre misses you.
You sock the ogre!
You kill the ogre!
Trog accepts your kill. The ogre hits you with a +0 giant club!
The ogre hits you with the +6 great mace "Ogreslayer" {drain, Drain rElec rCorr Str+4}!!
* * * LOW HITPOINT WARNING * * *
Your Dodging skill increases to level 7!
You are too injured to fight recklessly!
You are too injured to fight recklessly!
You are too injured to fight recklessly!
You are too injured to fight recklessly!
You are too injured to fight recklessly!
You are too injured to fight recklessly!
You are too injured to fight recklessly!
You are too injured to fight recklessly!
You are too injured to fight recklessly!
You are too injured to fight recklessly!
You are too injured to fight recklessly!
You are too injured to fight recklessly!
You are too injured to fight recklessly!
A red film seems to cover your vision as you go berserk!
You feel yourself moving faster!
You feel mighty! MajorAdolf's ghost barely misses you.
The ogre hits you with a +0 giant club!!
* * * LOW HITPOINT WARNING * * *
You hit the ogre.
The ogre is lightly wounded.
The ogre hits you with the +6 great mace "Ogreslayer" {drain, Drain rElec rCorr Str+4}!
You die...

.....####.######.#.#.).......#
..........#####....#..########
#..............©.©.....#
...##################### ##.#
##©...?([!...##
#.########.#..#.#..#.#
#..<.....#..##...##..#
#........#..##WOO##..#
#..#####.#.#..#@#..#.# #..#
#.#.....©.....# ##..#
#.############# ....# #.#
###.#####.# #.......#
######.#### .......# ########


You could see 2 ogres and MajorAdolf's ghost.

Vanquished Creatures
  Pikel (D:5)
  A hornet (D:8)
  Sigmund (D:2)
  2 humans (D:7)
  The ghost of Borgoz the Skirmisher, an amateur GrBe of Trog (D:3)
  An acid dragon (D:8)
  3 water moccasins
  An ice beast (D:6)
  A hornet zombie (D:8)
  2 orc warriors
  2 sky beasts
  A black bear (D:6)
  4 ogres
  4 necrophages
  2 centaurs
  4 kobold brigands
  Blork the orc (D:6)
  4 bullfrogs
  A scorpion (D:6)
  2 water moccasin zombies
  9 killer bees
  8 wights
  2 howler monkeys
  A crimson imp (D:3)
  2 bullfrog zombies
  A human zombie (D:4)
  4 centaur zombies
  2 orc priests (D:9)
  Crazy Yiuf (D:6)
  4 jellies
  A centaur skeleton (D:4)
  A gnoll shaman (D:6)
  4 iguanas
  4 orc wizards
  A killer bee zombie (D:9)
  A hound zombie (D:5)
  A hound skeleton (D:5)
  2 mummies (D:4)
  A howler monkey zombie (D:9)
  8 gnolls
  5 adders
  2 river rats
  3 white imps
  2 ufetubi
  2 adder zombies (D:4)
  27 orcs
  6 ball pythons
  2 bats
  4 endoplasms
  A giant cockroach (D:5)
  5 goblins
  6 hobgoblins
  13 jackals
  6 quokkas
  2 frilled lizards
  2 goblin skeletons (D:3)
  3 goblin zombies (D:3)
  2 hobgoblin zombies (D:3)
  15 kobolds
  A kobold skeleton (D:3)
  A kobold zombie (D:3)
  2 orc zombies (D:3)
  5 rats
  A spectral goblin (D:1)
215 creatures vanquished.

Vanquished Creatures (others)
  2 plants (D:9)
2 creatures vanquished.

Grand Total: 217 creatures vanquished

Notes
Turn   | Place    | Note
-------+----------+-------------------------------------------
     0 | D:1      | Borgoz the Gargoyle Berserker began the quest for the Orb.
     0 | D:1      | Reached XP level 1. HP: 14/14 MP: 1/1
   335 | D:1      | Reached XP level 2. HP: 14/19 MP: 2/2
   540 | D:1      | Found a faded altar of an unknown god.
  1576 | D:2      | Reached XP level 3. HP: 20/23 MP: 3/3
  1827 | D:2      | Noticed Sigmund
  1836 | D:2      | Killed Sigmund
  1837 | D:2      | Reached skill level 4 in Fighting
  1837 | D:2      | Reached XP level 4. HP: 30/30 MP: 4/4
  1837 | D:2      | Reached XP level 5. HP: 34/34 MP: 5/5
  2044 | D:3      | Noticed Borgoz's ghost (amateur GrBe)
  2071 | D:3      | Found a runed translucent door.
  2282 | D:3      | Found a snail-covered altar of Cheibriados.
  2397 | D:3      | Found a broken altar of Ashenzari.
  2418 | D:3      | Found a glowing golden altar of the Shining One.
  2435 | D:3      | Reached XP level 6. HP: 35/39 MP: 6/6
  2435 | D:3      | Reached ** piety under Trog
  3063 | D:4      | Noticed a necrophage
  3235 | D:4      | Killed a necrophage
  3236 | D:4      | Reached skill level 5 in Fighting
  3367 | D:3      | Reached XP level 7. HP: 19/44 MP: 7/7
  3645 | D:4      | Found a white marble altar of Elyvilon.
  3773 | D:4      | Found a radiant altar of Vehumet.
  3797 | D:4      | Found a staircase to the Ecumenical Temple.
  4050 | D:4      | Reached skill level 5 in Maces & Flails
  4269 | D:4      | Reached skill level 5 in Armour
  4275 | D:4      | Found a basalt altar of Yredelemnul.
  4597 | D:4      | Reached XP level 8. HP: 50/51 MP: 8/8
  4843 | D:4      | Reached skill level 6 in Fighting
  5042 | D:4      | Reached *** piety under Trog
  5356 | D:4      | Found Noxidu's Magic Scroll Shop.
  5370 | D:4      | Bought a scroll of magic mapping for 38 gold pieces
  5370 | D:4      | Bought a scroll of identify for 22 gold pieces
  5370 | D:4      | Bought a scroll of teleportation for 33 gold pieces
  5501 | D:5      | Entered Level 5 of the Dungeon
  5516 | D:5      | Noticed Pikel
  5546 | D:5      | Killed Pikel
  5556 | D:5      | Reached XP level 9. HP: 37/56 MP: 9/9
  5575 | D:5      | Reached skill level 7 in Fighting
  5689 | D:5      | Found a glowing drain.
  5693 | Sewer    | Entered a sewer
  5769 | Sewer    | Reached skill level 5 in Dodging
  5807 | Sewer    | Found a glowing silver altar of Zin.
  6028 | D:5      | Found Egrufiff's General Store.
  6029 | D:5      | Found Uxtem's Armour Boutique.
  6029 | D:5      | Found Alosu's Weapon Boutique.
  6033 | D:5      | Found Piheanono's General Store.
  6049 | D:5      | Identified the +11 short sword of Huomn {flame, +Blink
                  | +Rage rC+}
  6191 | D:5      | Found a shimmering blue altar of Sif Muna.
  6451 | D:6      | Noticed MajorAdolf's ghost (novice NaWn)
  6451 | D:6      | Identified the +6 great mace "Ogreslayer" {drain, Drain
                  | rElec rCorr Str+4}
  6453 | D:6      | Found a transporter.
  6456 | D:6      | Found a transporter.
  6461 | D:6      | Noticed Blork the orc
  6469 | D:6      | Killed Blork the orc
  6896 | D:6      | Found a runed translucent door.
  6897 | D:6      | Noticed Crazy Yiuf
  7119 | D:3      | Killed Borgoz's ghost
  7239 | D:6      | Noticed a +0 falchion
  7239 | D:6      | Noticed a +0 short sword
  7239 | D:6      | Noticed a +0 spear
  7239 | D:6      | Noticed a +0 spear
  7239 | D:6      | Noticed a +0 dagger
  7240 | D:6      | Noticed a +0 falchion
  7240 | D:6      | Noticed a +0 short sword
  7240 | D:6      | Noticed a +0 dagger
  7403 | D:6      | Reached **** piety under Trog
  7410 | D:6      | Reached skill level 8 in Fighting
  7819 | D:6      | Found a hide-covered altar of Uskayaw.
  8025 | D:6      | Killed Crazy Yiuf
  8473 | D:7      | Reached XP level 10. HP: 57/64 MP: 10/10
  8631 | D:7      | Found a blossoming altar of Fedhas.
  8946 | D:7      | Found an iron altar of Okawaru.
  9144 | D:8      | Found Ocsoos's Magic Scroll Boutique.
  9202 | D:8      | Reached ***** piety under Trog
  9374 | D:8      | Identified the +3 broad axe of Durable Tenacity {antimagic,
                  | rN+ Will+ Dex-4 Stlth+}
  9847 | D:9      | Found a runed translucent gate.
  9848 | D:9      | Found a runed translucent gate.
  9848 | D:9      | Noticed a ten-headed hydra
  9848 | D:9      | Noticed Domino's ghost (novice MiBe)
  9849 | D:9      | Found a runed translucent gate.
  9914 | D:9      | Found a staircase to the Orcish Mines.
 10046 | D:9      | Reached skill level 9 in Fighting
 10976 | D:6      | Slain by an ogre

Illustrated notes

Levels and vault maps discovered:
D:1:      noname_arrival_rooms_in_the_neighbourhood, layout_loops_ring,
          dreamdust_ecumenical_altar_drowned_temple
D:2:      layout_loops_ring, serial_aquarium, aquarium_bridge_square
          [aquarium_subvault_wall, aquarium_subvault_balcony,
          aquarium_subvault_wall, aquarium_subvault_bridge],
          aquarium_bridge_square [aquarium_subvault_bridge,
          aquarium_subvault_window, aquarium_subvault_window,
          aquarium_subvault_bridge], aquarium_window_corner, aquarium_window_1,
          aquarium_window_corner, aquarium_view_2b, aquarium_view_4,
          uniq_sigmund
D:3:      layout_loops_ring, cheibrodos_ashenzari_chains,
          nicolae_tso_besieged_by_evil, amcnicky_altar_gilded,
          hellmonk_ghost_happy_afterlife, serial_aquarium,
          aquarium_bridge_square [aquarium_subvault_bridge,
          aquarium_subvault_wall, aquarium_subvault_bridge,
          aquarium_subvault_wall], aquarium_bridge_square
          [aquarium_subvault_bridge, aquarium_subvault_wall,
          aquarium_subvault_bridge, aquarium_subvault_bridge],
          aquarium_window_corner, aquarium_window_3, aquarium_view_2b,
          aquarium_pool_five
D:4:      layout_rooms, mainiacjoe_overflow_brackets,
          lemuel_mausoleum_altar_yredelemnul,
          mainiacjoe_overflow_small_starburst, temple_pool_b, serial_shops,
          nicolae_stop_n_shop_1, minmay_crystal_room
D:5:      layout_rooms, mainiacjoe_overflow_alcove_2, gup_sewer_entry_spiral,
          minmay_shop_grid_forest, uniq_pikel
D:6:      layout_loops_ring, nicolae_uskayaw_en_pointe, gammafunk_ghost_smash,
          grunt_decor_one_mirror, minmay_misc_feat_secret_circle,
          uniq_blork_the_orc, uniq_crazy_yiuf_cottage
D:7:      layout_rooms, mainiacjoe_overflow_boulevard, okawaru_humans
D:8:      layout_rooms, serial_shops, shop, serial_curves, eino_curves_04,
          eino_curves_01, eino_curves_03, eino_curves_02, kennysheep_cross_room
D:9:      layout_small_grid, erik_orc_3, gammafunk_ghost_hydra_chop

Skill      XL: |  1  2  3  4  5  6  7  8  9 10 |
---------------+-------------------------------+-----
Fighting       | 4 5 6 8 9 |  9.1
Maces & Flails | 4 5 6 7 8 |  8.7
Armour         | 3 4 5 6 7 8 |  8.8
Dodging        | 2 3 4 5 7 |  7.0

Action                   |  1- 3 |  4- 6 |  7- 9 | 10-12 || total
-------------------------+-------+-------+-------+-------++-------
Melee: Mace              |    77 |   135 |   455 |   100 ||   767
       Flail             |       |       |       |    96 ||    96
       Dire flail        |       |       |       |    59 ||    59
Invok: Berserk           |     1 |     2 |     8 |     4 ||    15
       Trog's Hand       |       |       |     3 |       ||     3
  Use: Scroll            |       |       |     7 |     2 ||     9
Armor: Animal skin       |    29 |    85 |   111 |       ||   225
       Ring mail         |       |       |   136 |    83 ||   219
       Acid dragon scale |       |       |       |    64 ||    64
Dodge: Dodged            |    51 |   125 |   318 |   202 ||   696
